 Dungeon Crawl Stone Soup version 0.24-a0-433-gbe6fa4f6cc (webtiles) character file.

Game seed: 9957770865644296563

7204 Gargoyl the Covered (level 10, -1/80 (83) HPs)
             Began as a Centaur Abyssal Knight on June 14, 2019.
             Was an Elder of Lugonu.
             Slain by a centaur (5 damage)
             ... on level 9 of the Dungeon.
             The game lasted 00:18:38 (12748 turns).

Gargoyl the Covered (Centaur Abyssal Knight)       Turns: 12748, Time: 00:18:39

HP:   -1/80 (83)    AC: 16    Str: 19    XL:     10   Next: 87%
MP:   15/15         EV:  9    Int: 11    God:    Lugonu [****..]
Gold: 664           SH:  0    Dex: 11    Spells: 9/9 levels left

rFire    x . .     SeeInvis .   s - +2 demon blade (elec)
rCold    + + .     Gourm    .   (no shield)
rNeg     . . .     Faith    .   d - +3 ice dragon scales
rPois    .         Spirit   .   C - +0 helmet
rElec    .         Reflect  .   (no cloak)
rCorr    .         Harm     .   y - +0 pair of gloves {Str+3}
MR       .....                  (no barding)
Stlth    ..........             t - amulet of the acrobat
HPRegen  0.23/turn              u - ring of flight
MPRegen  0.14/turn              (no ring)

@: very quick
A: large, hooves 3, deformed body, speed 2, tough skin 3
a: Depart the Abyss, Bend Space, Banish, Corrupt, Renounce Religion, Evoke
Flight


You were on level 9 of the Dungeon.
You worshipped Lugonu.
Lugonu was greatly pleased with you.
You were hungry.

You visited 1 branch of the dungeon, and saw 10 of its levels.
You visited the Abyss 1 time.

You collected 664 gold pieces.

Inventory:

Hand Weapons
 a - a +1 hand axe
 l - a +0 war axe
 o - the +6 mace "Z" {drain, +Rage rElec Int+2}
   (You found it on level 5 of the Dungeon)

   A truly terrible weapon, it drains the life of those it strikes.
   It affects your intelligence (+2).
   It insulates you from electricity.
   It lets you go berserk.
 s - a +2 demon blade of electrocution (weapon)
 B - a +0 hand axe of flaming
Missiles
 n - 2 boomerangs (quivered)
 v - 5 silver javelins
Armour
 d - +3 ice dragon scales (worn)
 y - a +0 pair of gloves of strength (worn)
 C - a +0 helmet (worn)
 E - a +4 chain mail
Jewellery
 t - an amulet of the acrobat (around neck)
 u - a ring of flight (left hand)
Wands
 c - a wand of flame (16)
 i - a wand of acid (14)
 p - a wand of enslavement (9)
 x - a wand of paralysis (7)
 D - a wand of clouds (5)
Scrolls
 h - a scroll of identify
 m - 3 scrolls of amnesia
 q - 4 scrolls of remove curse
 w - 2 scrolls of magic mapping
 A - a scroll of fog
Potions
 b - 2 potions of brilliance
 e - 4 potions of haste
 g - a potion of might
 j - a potion of berserk rage
 k - 2 potions of curing
 z - a potion of heal wounds
Comestibles
 r - 6 rations


   Skills:
 + Level 5.8 Fighting
 + Level 4.2 Long Blades
 + Level 5.2(5.9) Axes
 + Level 4.0(5.3) Maces & Flails
 + Level 0.1 Throwing
 * Level 7.5 Armour
 * Level 5.1 Dodging
 * Level 7.4 Invocations
 + Level 0.1 Evocations


You had 9 spell levels left.
You didn't know any spells.
Your spell library contained the following spells:

 Spells                   Type           Power        Failure   Level  Hunger
 Animate Skeleton         Necr           N/A          75%         1    ##.....
 Apportation              Tloc           #.....       75%         1    ##.....
 Confusing Touch          Hex            #.....       75%         1    ##.....
 Flame Tongue             Conj/Fire      #....        75%         1    ##.....
 Summon Small Mammal      Summ           #...         75%         1    ##.....
 Call Imp                 Summ           #.......     86%         2    ###....
 Throw Flame              Conj/Fire      #.....       86%         2    ###....
 Call Canine Familiar     Summ           #.......     98%         3    ####...
 Conjure Flame            Conj/Fire      #.......     98%         3    ####...
 Inner Flame              Hex/Fire       #.......     98%         3    ####...
 Summon Guardian Golem    Hex/Summ       #.......     98%         3    ####...
 Sticky Flame             Conj/Fire      #.......     100%        4    #####..
 Summon Ice Beast         Ice/Summ       #.......     100%        4    #####..
 Summon Lightning Spire   Summ/Air       #.......     100%        4    #####..
 Fireball                 Conj/Fire      #.........   100%        5    ######.


Dungeon Overview and Level Annotations

Branches:
Dungeon (10/15)            Temple (0/1) D:7
   Lair: D:8-11         Orc: D:9-12

Altars:
Ashenzari
Dithmenos
Elyvilon
Fedhas
Gozag
Hepliaklqana
Makhleb
Nemelex Xobeh
Okawaru
Qazlal
Ru
Sif Muna
Wu Jian
Xom
Yredelemnul
The Shining One


Innate Abilities, Weirdness & Mutations

You have hooves in place of feet.
Armour fits poorly on your strangely shaped body.
You cover ground very quickly.
You have extremely tough skin. (AC +3)


Message History

The orc priest is moderately wounded.
The centaur hits you!
* * * LOW HITPOINT WARNING * * *
The orc priest barely misses you.
Unknown command.
You hit the orc priest but do no damage.
You kick the orc priest, but do no damage.
The orc priest is moderately wounded.
The centaur barely misses you. The centaur misses you.
You riposte.
You hit the centaur but do no damage.
The orc priest hits you but does no damage.
Unknown command.
You slash the orc priest!
The orc priest is almost dead.
The centaur hits you but does no damage.
The orc priest invokes the aid of Beogh against you.
Beogh smites you!
* * * LOW HITPOINT WARNING * * *
The centaur hits you.
You die...

####.####..... ####.####.#.[.
#.......#.#.## #.##.##.#.....
#.##.##.#.#..# #.##..........
#.#####.#.....
######)#####.#.....
########c@o.[).......###..
#...........##.#####.###.#
#####.######.##.##.#########..
#.....# #.##.....##._...##.
#.##### #.#####..##_._..##.
###.#### #.........#..__.##.
#......############....#>._.s##.
#.#.##.##..............#.....##.
#.#..#.##.......##.....########.


You could see a centaur and an orc priest.

Vanquished Creatures
  A centaur warrior (D:9)
  A two-headed ogre (D:9)
  Maurice (D:8)
  A troll (D:10)
  2 hippogriffs (D:9)
  A slime creature (D:8)
  Sigmund (D:4)
  A wyvern (D:9)
  A hungry ghost (D:6)
  2 wargs
  2 water moccasins
  3 orc warriors
  2 sky beasts
  3 ice beasts
  A phantom (D:6)
  2 necrophages
  2 centaurs
  A big kobold (D:9)
  Blork the orc (D:4)
  3 bullfrogs
  A gnoll sergeant (D:6)
  A water moccasin zombie (D:5)
  2 scorpions
  A howler monkey (D:7)
  2 bullfrog zombies
  A crimson imp (D:8)
  A centaur zombie (D:5)
  2 hounds
  2 orc priests
  A centaur skeleton (D:7)
  10 jellies
  4 bullfrog skeletons
  2 iguanas
  11 orc wizards
  6 worker ants
  A hound zombie (D:9)
  2 hound skeletons
  A worker ant zombie (D:6)
  3 gnolls (D:5)
  12 adders
  2 shadow imps
  13 oozes
  2 adder skeletons (D:4)
  5 worms
  4 dart slugs
  9 leopard geckos
  35 orcs
  13 bats
  2 giant cockroaches (D:3)
  5 goblins
  8 hobgoblins
  12 jackals
  11 kobolds
  A quokka (D:7)
  3 frilled lizards
  A jackal skeleton (D:4)
  A leopard gecko skeleton (D:6)
  6 rats
231 creatures vanquished.

Vanquished Creatures (collateral kills)
  An orc warrior (D:8)
  2 orc wizards (D:8)
  3 orcs (D:8)
6 creatures vanquished.

Vanquished Creatures (others)
  An ugly thing (D:9)
  A troll (D:9)
  2 orc warriors
  4 fungi (D:7)
8 creatures vanquished.

Grand Total: 245 creatures vanquished

Notes
Turn   | Place    | Note
-------+----------+-------------------------------------------
     0 | Abyss:1  | Gargoyl the Centaur Abyssal Knight began the quest for the
                  | Orb.
     0 | Abyss:1  | Reached XP level 1. HP: 19/19 MP: 2/2
    68 | Abyss:2  | Noticed a rakshasa
   145 | Abyss:2  | Noticed an ancient zyme
   156 | Abyss:2  | Noticed a small abomination
   157 | Abyss:2  | Noticed an ancient zyme
   159 | D:1      | Escaped the Abyss
   725 | D:1      | Reached * piety under Lugonu
   725 | D:1      | Reached XP level 2. HP: 22/26 MP: 3/3
   924 | D:1      | You fall into a shaft and drop 1 floor!
  1196 | D:2      | Reached XP level 3. HP: 11/31 MP: 4/4
  2041 | D:2      | Reached skill level 1 in Dodging
  2528 | D:2      | Reached XP level 4. HP: 11/38 MP: 6/6
  2984 | D:3      | Reached ** piety under Lugonu
  2994 | D:3      | Reached XP level 5. HP: 45/45 MP: 7/7
  4002 | D:4      | Noticed Blork the orc
  4014 | D:4      | Killed Blork the orc
  4014 | D:4      | Reached XP level 6. HP: 29/51 MP: 8/8
  4251 | D:4      | Found an opulent altar of Gozag.
  4252 | D:4      | Found a sparkling altar of Nemelex Xobeh.
  4330 | D:4      | Noticed Sigmund
  4353 | D:4      | Killed Sigmund
  4353 | D:4      | Reached XP level 7. HP: 42/58 MP: 9/9
  4505 | D:5      | Entered Level 5 of the Dungeon
  4845 | D:5      | Found a shadowy altar of Dithmenos.
  4916 | D:5      | You fall into a shaft and drop 3 floors!
  4974 | D:8      | HP: 2/58 [orc warrior/+0 trident (7)]
  4981 | D:8      | Reached *** piety under Lugonu
  5529 | D:5      | Reached XP level 8. HP: 51/66 MP: 11/11
  5868 | D:5      | Found a hazy altar of Hepliaklqana.
  5931 | D:5      | Found a glowing golden altar of the Shining One.
  5932 | D:5      | Found an ornate altar of the Wu Jian Council.
  5945 | D:5      | Got a dazzling mace
  5970 | D:5      | Identified the +6 mace "Z" {drain, +Rage rElec Int+2} (You
                  | found it on level 5 of the Dungeon)
  6010 | D:5      | Found a basalt altar of Yredelemnul.
  6198 | D:5      | Found a deep blue altar of Sif Muna.
  6198 | D:5      | Found an iron altar of Okawaru.
  6198 | D:5      | Found a shattered altar of Ashenzari.
  6199 | D:5      | Found a white marble altar of Elyvilon.
  6201 | D:5      | Found a blossoming altar of Fedhas.
  6203 | D:5      | Found a sacrificial altar of Ru.
  6330 | D:5      | Reached skill level 5 in Invocations
  6453 | D:6      | Reached skill level 5 in Axes
  7254 | D:5      | Reached skill level 5 in Armour
  7882 | D:6      | Found a burning altar of Makhleb.
  8095 | D:6      | Paralysed by fainting for 8 turns
  8106 | D:6      | Reached skill level 1 in Maces & Flails
  8106 | D:6      | Reached XP level 9. HP: 40/69 MP: 13/13
  8319 | D:7      | Found a staircase to the Ecumenical Temple.
  8418 | D:7      | Found a stormy altar of Qazlal.
  8714 | D:7      | Found a deep blue altar of Sif Muna.
  9200 | D:8      | Noticed Maurice
  9235 | D:8      | Killed Maurice
  9235 | D:8      | Reached skill level 5 in Fighting
  9295 | D:8      | Reached **** piety under Lugonu
 10527 | D:9      | Identified 3 scrolls of acquirement
 10610 | D:9      | Noticed a troll
 10630 | D:9      | Banished a troll
 10630 | D:9      | Reached XP level 10. HP: 20/78 MP: 14/14
 10909 | D:9      | Found a shimmering altar of Xom.
 10909 | D:9      | Found a shimmering altar of Xom.
 10909 | D:9      | Found a shimmering altar of Xom.
 10909 | D:9      | Found a shimmering altar of Xom.
 10910 | D:9      | Found a shimmering altar of Xom.
 10910 | D:9      | Found a shimmering altar of Xom.
 10916 | D:9      | Noticed a two-headed ogre
 10929 | D:9      | Killed a two-headed ogre
 10929 | D:9      | Reached skill level 1 in Long Blades
 11204 | D:9      | Noticed a red ugly thing
 11676 | D:9      | Banished a red ugly thing
 11763 | D:9      | Noticed a salamander
 11763 | D:9      | a shapeshifter changed into a salamander
 11772 | D:9      | Noticed a moth of wrath
 11772 | D:9      | a swamp worm changed into a moth of wrath
 11874 | D:9      | Noticed a centaur warrior
 11879 | D:9      | Killed a centaur warrior
 11879 | D:9      | Reached skill level 5 in Dodging
 12401 | D:10     | Entered Level 10 of the Dungeon
 12748 | D:9      | HP: 4/80 [orc priest/divine providence (13)]
 12748 | D:9      | Slain by a centaur

Levels and vault maps discovered:
D:1:      mushboom_english_gardens, layout_loops_ring,
          chequers_serial_rivers_micro_a, grunt_decor_cap
D:2:      layout_loops_ring
D:3:      layout_loops_ring
D:4:      layout_gridville, grunt_temple_overflow_opulence, uniq_blork_the_orc,
          uniq_sigmund
D:5:      layout_cave_pods, grunt_dithmenos_smoke, minitemple,
          old_standard_altar, serial_co_window_serial, co_window_paths_a,
          co_window_paths_b, co_window_paths_a, co_window_paths_b,
          co_window_corner_a, co_window_corner_a, co_window_corner_a,
          co_window_corner_b, co_window_2corner, co_window_broadway_c,
          co_window_corner_ca, glass_columns_b, glass_columns_b, first_ration,
          basic_altar
D:6:      layout_rooms, makhleb_blood_cavern_becter
D:7:      lemuel_slime, layout_basic, nicolae_qazlal_general_emergency,
          minmay_temple_entry_sparse_star, led_sif_pool
D:8:      layout_loops_ring, roderic_batcave, uniq_maurice
D:9:      minmay_chambers_of_sixes, layout_loops_cross, xom_shifter_show
D:10:     layout_layer_cave, lair_entry_dummy, erik_orc_4, minmay_holes

Skill      XL: |  1  2  3  4  5  6  7  8  9 10 |
---------------+-------------------------------+-----
Axes           | 2 3 4 5 |  5.2
Armour         | 2 3 4 5 6 7 |  7.5
Dodging        | 1 2 3 4 5 |  5.1
Invocations    | 3 4 5 6 7 |  7.4
Fighting       | 4 5 |  5.8
Maces & Flails | 1 3 4 |  4.0
Long Blades    | 4 |  4.2
Throwing       | |  0.1
Evocations     | |  0.1

Action                   |  1- 3 |  4- 6 |  7- 9 | 10-12 || total
-------------------------+-------+-------+-------+-------++-------
Melee: Hand axe          |   132 |   171 |   223 |       ||   526
       Kick              |    28 |    38 |   107 |    38 ||   211
       Mace              |       |       |   220 |       ||   220
       Demon blade       |       |       |    22 |   114 ||   136
Throw: Boomerang         |       |       |     3 |       ||     3
Invok: Depart the Abyss  |     1 |       |       |       ||     1
       Banish            |       |       |     4 |     2 ||     6
       Bend Space        |       |       |       |     1 ||     1
 Abil: Evoke Berserk Rag |       |       |     1 |       ||     1
Evoke: Wand              |       |     1 |       |       ||     1
  Use: Scroll            |     6 |     3 |    10 |     7 ||    26
       Potion            |       |       |     6 |       ||     6
 Stab: Invisible         |       |       |     2 |       ||     2
  Eat: Chunk             |     3 |     4 |     7 |     5 ||    19
       Ration            |       |     1 |     7 |       ||     8
Armor: Ice dragon scales |   108 |    90 |   369 |    80 ||   647
Dodge: Dodged            |    41 |    76 |   227 |   100 ||   444
       Rpst.: Demon blade |       |       |     2 |    23 ||    25

Table legend:
 A = Non-vault XP
 B = Vault XP
 C = Vault XP percentage of total XP
 D = Non-vault monster count
 E = Vault monster count
 F = Vault count percentage of total count
                 A         B        C        D         E       F
            +---------+---------+-------+---------+---------+-------
      Total |    6896 |    3396 |  33.0 |     201 |      40 |  16.6
            +---------+---------+-------+---------+---------+-------
        D:1 |      41 |       0 |   0.0 |      21 |       0 |   0.0
        D:2 |      63 |       0 |   0.0 |      14 |       0 |   0.0
        D:3 |     140 |       0 |   0.0 |      33 |       0 |   0.0
        D:4 |     169 |     323 |  65.7 |      14 |       2 |  12.5
        D:5 |     866 |       0 |   0.0 |      26 |       0 |   0.0
        D:6 |     824 |     134 |  14.0 |      18 |       2 |  10.0
        D:7 |     681 |     369 |  35.1 |      11 |      17 |  60.7
        D:8 |     803 |     786 |  49.5 |      29 |      10 |  25.6
        D:9 |    3013 |    1529 |  33.7 |      34 |       6 |  15.0
       D:10 |     296 |     255 |  46.3 |       1 |       3 |  75.0
            +---------+---------+-------+---------+---------+-------
